 Dungeon Crawl Stone Soup version 0.21-a0-591-g2314aa1 (webtiles) character file.

1752 Amnesiac the Thrower (level 9, -2/96 HPs)
             Began as an Ogre Arcane Marksman on Dec 22, 2017.
             Was a Believer of Okawaru.
             Slain by a killer bee (6 damage)
             ... on level 9 of the Dungeon.
             The game lasted 00:11:02 (8427 turns).

Amnesiac the Thrower (Ogre Arcane Marksman)         Turns: 8427, Time: 00:11:03

Health: -2/96      AC:  3    Str: 18    XL:     9   Next: 6%
Magic:  12/12      EV: 10    Int: 14    God:    Okawaru [**....]
Gold:   46         SH:  0    Dex: 10    Spells: 6/12 levels left

rFire    . . .     SeeInvis .   s - +2 whip (elec)
rCold    . . .     Gourm    .   (no shield)
rNeg     . . .     Faith    .   a - +0 robe
rPois    .         Spirit   .   (helmet restricted)
rElec    .         Reflect  .   (no cloak)
rCorr    .         Harm     .   (gloves unavailable)
MR       .....                  (boots unavailable)
Stlth    +.........             (no amulet)
HPRegen  0.26/turn              (no ring)
MPRegen  0.13/turn              (no ring)

@: lethally poisoned (-2 -> -38), about to teleport
A: large, unfitting armour, tough skin 1
a: Heroism, Renounce Religion


You were on level 9 of the Dungeon.
You worshipped Okawaru.
Okawaru was pleased with you.
You were very hungry.

You visited 1 branch of the dungeon, and saw 7 of its levels.

You collected 271 gold pieces.
You spent 225 gold pieces at shops.

Inventory:

Hand Weapons
 s - a +2 whip of electrocution (weapon)
 z - a +1 trident of protection
 E - a +0 hand axe of chopping
Missiles
 c - 3 large rocks
 g - 72 stones (quivered)
 m - a throwing net
 q - a javelin
 r - 6 needles of confusion
 t - 3 tomahawks
 u - 13 poisoned needles
Armour
 a - a +0 robe (worn)
Jewellery
 y - an uncursed ring of ice
Wands
 d - a wand of enslavement (17)
 x - a wand of random effects (25)
 G - a wand of polymorph (15)
Scrolls
 e - 12 scrolls of identify {!r, unknown}
 h - 2 scrolls of remove curse {!r}
 k - 2 scrolls of immolation {!r}
 l - a scroll of teleportation {!r}
 n - a scroll of magic mapping {!r, unknown}
 o - 2 scrolls of fog {!r, unknown}
 v - a scroll of enchant weapon {!r, unknown}
 A - a scroll of amnesia {!r}
Potions
 i - 4 potions of degeneration {!q, unknown}
 j - 2 potions of flight {!q}
 p - 6 potions of curing {!q}
 w - 2 potions of might {!q}
 B - a potion of magic {!q, unknown}
 C - a potion of heal wounds {!q}
 F - a potion of mutation {!q, unknown}
Books
 b - a book of Debilitation

   Spells                             Type                      Level
   a - Corona                         Hexes                        1
   b - Slow                           Hexes                        2
   c - Inner Flame                    Hexes/Fire                   3
   d - Portal Projectile              Hexes/Translocation          3
   e - Cause Fear                     Hexes                        4
   f - Leda's Liquefaction            Hexes/Earth                  4
Comestibles
 f - 10 rations


   Skills:
 - Level 8.0 Fighting
 + Level 9.5 Throwing
 - Level 1.7 Dodging
 - Level 2.0 Spellcasting
 - Level 3.0 Hexes


You had 6 spell levels left.
You knew the following spells:

 Your Spells              Type           Power        Failure   Level  Hunger
a - Corona                Hex            #......      7%          1    ##.....
b - Portal Projectile     Hex/Tloc       #.....       36%         3    ####...
e - Slow                  Hex            #.......     11%         2    ###....


Dungeon Overview and Level Annotations

Branches:
Dungeon (6/15)
 Temple: D:4-7

Altars:
Cheibriados
Elyvilon
Gozag
Nemelex Xobeh
Okawaru
Ru
Trog
Wu Jian

Shops:
D:5 !


Innate Abilities, Weirdness & Mutations

You are too large for most types of armour.
You have tough skin. (AC +1)


Message History

Throwing (i - inventory. (,) - cycle):
g - 73 stones (quivered)
Press: ? - help, Shift-Dir - straight line, f - killer bee
Aim: a killer bee You throw a stone.
The stone misses the killer bee. x2
The killer bee stings you!
You barely miss the killer bee.
The killer bee stings you but does no damage.
The shadow imp gestures at you. Pain shoots through your body!
The killer bee stings you.
You are poisoned.
The killer bee poisons you!
Really read
h - 3 scrolls labeled KIHUUNI VARASM {!r}?
As you read the scroll labeled KIHUUNI VARASM {!r}, it crumbles to dust.
You feel blessed for a moment.
It was a scroll of remove curse {!r}.
You feel sick. The killer bee closely misses you.
The killer bee barely misses you.
The killer bee stings you but does no damage.
A killer bee comes into view.
Really read
k - 3 scrolls labeled MOVU VAHUSOSE {!r}?
As you read the scroll labeled MOVU VAHUSOSE {!r}, it crumbles to dust.
The creatures around you are filled with an inner flame!
It was a scroll of immolation {!r}.
You feel sick.
The killer bee buzzes angrily.
You hear an angry buzzing noise. x2
The killer bee stings you.
You are more poisoned.
The killer bee poisons you! The killer bee misses you.
The killer bee stings you! The killer bee stings you.
* * * LOW HITPOINT WARNING * * *
You are more poisoned.
The killer bee poisons you! The killer bee barely misses you. x2
Really read
A - 2 scrolls labeled BAPTOCZ KIGA {!r}?
As you read the scroll labeled BAPTOCZ KIGA {!r}, it crumbles to dust.
It is a scroll of amnesia.
Okay, then.
You feel sick. The killer bee misses you. The killer bee stings you.
* * * LOW HITPOINT WARNING * * *
The killer bee barely misses you. x2; The killer bee stings you.
* * * LOW HITPOINT WARNING * * *
You are more poisoned.
The killer bee poisons you! The killer bee barely misses you.
Unknown command.
You feel sick. The killer bee completely misses you. The killer bee stings you.
* * * LOW HITPOINT WARNING * * *
The killer bee stings you.
* * * LOW HITPOINT WARNING * * *
Really read
l - 2 scrolls labeled QIBONICH FUTE {!r}?
As you read the scroll labeled QIBONICH FUTE {!r}, it crumbles to dust.
You feel strangely unstable.
It was a scroll of teleportation {!r}.
You feel sick. The killer bee stings you.
* * * LOW HITPOINT WARNING * * *
You are lethally poisoned!
The killer bee poisons you! The killer bee stings you.
* * * LOW HITPOINT WARNING * * *
The killer bee closely misses you. The shadow imp gestures at you.
Pain shoots through your body!
* * * LOW HITPOINT WARNING * * *
The killer bee stings you.
* * * LOW HITPOINT WARNING * * *
You are more poisoned.
The killer bee poisons you! The killer bee stings you.
* * * LOW HITPOINT WARNING * * *
The killer bee stings you.
You die...

#...#. .....##
#<...(####.
#######.........
#.............#
#.............#
#....5y.......#
#....@y.......#
#....yy.......#
#########.....#
#.....# #######


You could see 4 killer bees and a shadow imp (inner flame).

Vanquished Creatures
  The ghost of Curus the Chopper, an amateur HOAK of Lugonu (D:5)
  The ghost of teukkam the Covered, an amateur GnWn (D:4)
  Edmund (D:6)
  Duvessa (D:4)
  2 ogres (D:4)
  A bullfrog (D:3)
  Dowan (D:4)
  A howler monkey (D:5)
  A crimson imp (D:5)
  A centaur zombie (D:6)
  A jelly (D:5)
  6 orc wizards
  An orc priest (D:6)
  A bullfrog skeleton (D:5)
  A hound (D:6)
  3 worker ants
  A hound skeleton (D:6)
  Robin (D:4)
  14 gnolls
  7 adders
  2 oozes
  An adder skeleton (D:4)
  4 dart slugs
  4 worms
  4 leopard geckos
  21 orcs
  2 giant cockroaches (D:3)
  11 goblins
  8 hobgoblins
  12 jackals
  7 kobolds
  4 quokkas
  2 ball pythons
  5 bats
  5 frilled lizards
  A quokka skeleton (D:5)
  A rat (D:2)
141 creatures vanquished.

Notes
Turn   | Place    | Note
-------+----------+-------------------------------------------
     0 | D:1      | Amnesiac the Ogre Arcane Marksman began the quest for the Orb.
     0 | D:1      | Reached XP level 1. HP: 19/19 MP: 2/2
   237 | D:1      | Reached XP level 2. HP: 26/28 MP: 2/4
   245 | D:1      | Learned a level 2 spell: Slow
  1025 | D:2      | Reached XP level 3. HP: 29/35 MP: 5/5
  1442 | D:2      | Found an iron altar of Okawaru.
  1472 | D:2      | Became a worshipper of Warmaster Okawaru
  1521 | D:1      | Reached skill level 3 in Throwing
  1947 | D:1      | Reached XP level 4. HP: 18/44 MP: 5/7
  2336 | D:2      | Found an opulent altar of Gozag.
  2340 | D:2      | Found a sparkling altar of Nemelex Xobeh.
  2343 | D:2      | Found an ornate altar of the Wu Jian Council.
  2714 | D:2      | Learned a level 3 spell: Portal Projectile
  2728 | D:2      | Reached XP level 5. HP: 36/53 MP: 8/8
  2974 | D:3      | Reached skill level 4 in Throwing
  3052 | D:3      | Found a snail-covered altar of Cheibriados.
  3382 | D:3      | Found a white marble altar of Elyvilon.
  3831 | D:3      | Reached * piety under Okawaru
  3831 | D:3      | Reached skill level 5 in Throwing
  3831 | D:3      | Reached XP level 6. HP: 40/63 MP: 9/9
  4090 | D:4      | Noticed Duvessa
  4090 | D:4      | Noticed Dowan
  4106 | D:4      | Killed Duvessa
  4112 | D:4      | Killed Dowan
  4112 | D:4      | Reached skill level 5 in Fighting
  4112 | D:4      | Reached XP level 7. HP: 38/72 MP: 10/10
  4166 | D:4      | Reached skill level 6 in Throwing
  4371 | D:4      | Noticed Robin
  4848 | D:4      | Killed Robin
  5059 | D:4      | Found a bloodstained altar of Trog.
  5097 | D:4      | Noticed teukkam's ghost (amateur GnWn)
  5110 | D:4      | Killed teukkam's ghost
  5110 | D:4      | Reached ** piety under Okawaru
  5110 | D:4      | Reached skill level 7 in Throwing
  5110 | D:4      | Reached XP level 8. HP: 71/84 MP: 11/11
  5514 | D:5      | Entered Level 5 of the Dungeon
  5558 | D:5      | Found a white marble altar of Elyvilon.
  5944 | D:5      | Found Xayxux's Distillery.
  6257 | D:5      | Bought a potion of heal wounds for 75 gold pieces
  6257 | D:5      | Bought a potion of curing for 45 gold pieces
  6257 | D:5      | Bought a potion of flight for 45 gold pieces
  6257 | D:5      | Bought a potion of might for 60 gold pieces
  6373 | D:5      | Noticed Curus's ghost (amateur HOAK)
  6646 | D:5      | Reached skill level 8 in Throwing
  6799 | D:5      | Killed Curus's ghost
  6811 | D:5      | Found a white marble altar of Elyvilon.
  6971 | D:5      | Found Xayxux's Distillery.
  7893 | D:6      | Reached skill level 9 in Throwing
  8085 | D:6      | Found a sacrificial altar of Ru.
  8300 | D:6      | Noticed Edmund
  8305 | D:6      | Killed Edmund
  8305 | D:6      | Reached XP level 9. HP: 86/96 MP: 12/12
  8415 | D:6      | You fall through a shaft for 3 floors!
  8427 | D:9      | HP: 4/96 [killer bee (1)]
  8427 | D:9      | Slain by a killer bee

Vault maps used:
D:1:      dpeg_arrival_arbitrary_b
D:2:      okawaru_ov_weapons_minmay, minmay_overflow_temple_star_quad,
          minmay_statues_item
D:3:      lemuel_crystal_altar, nicolae_overflow_hidden_temple, first_ration
D:4:      minivault_24, trog_three_pillars_becter, uniq_duvessa, uniq_robin
D:5:      serial_shops, shop_statue, elyvilon_altar_4
D:6:      nicolae_ru_awakened_eye, uniq_edmund
D:9:      fiery_altar_vehumet, david_nohive_1, solitary_fountain, uniq_pikel

Skill      XL: |  1  2  3  4  5  6  7  8 |
---------------+-------------------------+-----
Fighting       | 2 3 4 5 6 8 |  8.0
Hexes          | 3 |  3.0
Throwing       | 3 5 7 9 |  9.5
Spellcasting   | 2 |  2.0
Dodging        | |  1.7

Action                   |  1- 3 |  4- 6 |  7- 9 || total
-------------------------+-------+-------+-------++-------
Melee: Unarmed           |    14 |       |       ||    14
       Mace              |    58 |     4 |       ||    62
       Whip              |       |    99 |   199 ||   298
Throw: Stone             |   115 |   141 |   153 ||   409
       Large rock        |     2 |     4 |       ||     6
       Throwing net      |     2 |     2 |       ||     4
       Javelin           |       |    11 |       ||    11
       Tomahawk          |       |       |     3 ||     3
 Cast: Corona            |    15 |     4 |       ||    19
       Slow              |       |     1 |       ||     1
  Use: Scroll            |       |       |     4 ||     4
  Eat: Chunk             |     4 |     7 |    12 ||    23
Armor: Robe              |    29 |    22 |    33 ||    84
Dodge: Dodged            |    83 |    82 |    98 ||   263

Table legend:
 A = Spawn XP
 B = Non-spawn XP
 C = Spawn XP percentage of total XP
 D = Spawn monster count
 E = Non-spawn monster count
 F = Spawn count percentage of total count
 G = Total turns spent on level
                    A         B        C        D         E        F      G
               +---------+---------+-------+---------+---------+-------+---------
         Total |       0 |    2504 |   0.0 |       0 |     141 |   0.0 |  8427
               +---------+---------+-------+---------+---------+-------+---------
           D:1 |       0 |      60 |   0.0 |       0 |      17 |   0.0 |  1414
           D:2 |       0 |     112 |   0.0 |       0 |      28 |   0.0 |  1495
           D:3 |       0 |     228 |   0.0 |       0 |      30 |   0.0 |  1544
           D:4 |       0 |     858 |   0.0 |       0 |      23 |   0.0 |  1061
           D:5 |       0 |     673 |   0.0 |       0 |      20 |   0.0 |  1918
           D:6 |       0 |     573 |   0.0 |       0 |      23 |   0.0 |   983
               +---------+---------+-------+---------+---------+-------+---------
